 Dungeon Crawl Stone Soup version 0.30.0-29-ga12c61a403 (webtiles) character file.

Game seed: 7417571185672170182

17 BillyBaka the Covered (level 2, -1/26 HPs)
             Began as an Armataur Fighter on June 9, 2023.
             Slain by a quokka (3 damage)
             ... on level 1 of the Dungeon.
             The game lasted 00:01:30 (326 turns).

BillyBaka the Covered (Armataur Fighter)             Turns: 326, Time: 00:01:30

Health: -1/26      AC:  7    Str: 21    XL:     2   Next: 44%
Magic:  2/2        EV:  7    Int:  8    God:
Gold:   11         SH:  4    Dex:  9    Spells: 1/1 levels left

rFire   . . .        a - +0 flail
rCold   . . .        c - +0 buckler
rNeg    . . .        b - +0 scale mail
rPois   .            (no helmet)
rElec   .            (no cloak)
rCorr   .            (no gloves)
SInv    .            (no barding)
Will    .....        (no amulet) Stlth
                     (no ring)
HPRegen 0.24/turn    (no ring)
MPRegen 0.08/turn

%: roll
@: no status effects
A: large, rugged brown scales 3, deformed body, armoured tail, roll, long
tongue, awkward tongue
a: no special abilities


You were on level 1 of the Dungeon.
You visited 1 branch of the dungeon, and saw 1 of its levels.

You collected 11 gold pieces.

Inventory:

Hand Weapons
 a - a +0 flail (weapon)
Armour
 b - a +0 scale mail (worn)
 c - a +0 buckler (worn)
Scrolls
 e - 3 scrolls of poison {unknown}
 g - a scroll of immolation {unknown}
 i - a scroll of vulnerability {unknown}
Potions
 d - 2 potions of might
 f - a potion of attraction {unknown}
 h - 2 potions of haste {unknown}
 j - a potion of cancellation {unknown}


   Skills:
 + Level 2.9 Fighting
 * Level 2.2 Maces & Flails
 + Level 3.8 Armour
 + Level 0.6 Stealth
 + Level 3.4 Shields


You had one spell level left.
You didn't know any spells.
Your spell library contained the following spells:

 Spells                   Type           Power      Damage    Failure   Level
 Tukima's Dance           Hex            0%         N/A       99%         3
 Passage of Golubria      Tloc           0%         N/A       100%        4
 Yara's Violent Unravell  Hex/Tmut       0%         3d3       100%        5


Dungeon Overview and Level Annotations

Branches:
Dungeon (1/15)

Altars:


Innate Abilities, Weirdness & Mutations

You are completely covered in rugged brown scales. (AC +3, +7% HP)
Armour fits poorly on your strangely shaped body.
You have a long armoured tail.
You roll when moving toward enemies. (Rampage)
Your long tongue fully drains potion bottles. (2x potion effects)
Your tongue gives you trouble enunciating. (1.5x scroll delay)


Message History

The quokka bites you but does no damage.
You are too injured to fight recklessly!
You are too injured to fight recklessly!
You are too injured to fight recklessly!
You closely miss the giant cockroach. You tail-slap the giant cockroach.
You kill the giant cockroach!
The kobold hits you but does no damage. The quokka bites you.
The kobold attacks as you move away! You block the kobold's attack.
The quokka bites you but does no damage.
You see here a giant cockroach corpse.
You barely miss the quokka.
Your tail-slap misses the quokka.
The quokka bites you but does no damage.
You block the kobold's attack. The quokka closely misses you.
You hit the quokka.
You tail-slap the quokka, but do no damage.
The quokka is severely wounded.
The kobold hits you with a +0 dagger. The quokka barely misses you.
The hobgoblin hits you. The kobold hits you with a +0 dagger.
You barely miss the quokka.
Your tail-slap misses the quokka.
The quokka is severely wounded.
The quokka bites you.
* * * LOW HITPOINT WARNING * * *
The hobgoblin hits you but does no damage.
The kobold hits you but does no damage. The quokka closely misses you.
Unknown command.
The kobold attacks as you move away! The kobold barely misses you.
The quokka attacks as you move away! The quokka bites you.
* * * LOW HITPOINT WARNING * * *
The quokka attacks as you move away!
The quokka bites you but does no damage.
The quokka barely misses you. The quokka attacks as you move away!
The quokka bites you.
* * * LOW HITPOINT WARNING * * *
You closely miss the quokka.
The quokka is severely wounded.
The quokka bites you but does no damage.
You closely miss the quokka.
The quokka is severely wounded.
The quokka bites you.
You die...

## ##......#
#.......# ##
####.#### .. #.#
.# #.# .###.#
..#.## ###
#.#..#### ....
#@##....# #....
#r###...#
#:....##Kg##...#
........#......#
......#.†......#
...............#
......######...#
#(.... ....#
#.... #...#


You could see a quokka, a hobgoblin and a kobold.

Vanquished Creatures
  2 ball pythons (D:1)
  A giant cockroach (D:1)
  3 goblins (D:1)
  4 hobgoblins (D:1)
  A quokka (D:1)
  A kobold (D:1)
  4 rats (D:1)
16 creatures vanquished.

Notes
Turn   | Place    | Note
-------+----------+-------------------------------------------
     0 | D:1      | BillyBaka the Armataur Fighter began the quest for the Orb.
     0 | D:1      | Reached XP level 1. HP: 19/19 MP: 1/1
   200 | D:1      | Reached XP level 2. HP: 26/26 MP: 2/2
   324 | D:1      | HP: 1/26 [quokka (3)]
   326 | D:1      | Slain by a quokka

Illustrated notes

Levels and vault maps discovered:
D:1:      nagdon_arrival_zigzag_paths, layout_rooms, minivault_26,
          nrook_loot_triangle, grunt_decor_one_mirror, minmay_surrounded

Skill      XL: |  1 |
---------------+----+-----
Maces & Flails | 2 |  2.2
Fighting       | |  2.9
Armour         | |  3.8
Stealth        | |  0.6
Shields        | |  3.4

Action                     || total
---------------------------++-------
  Melee: Flail             ||    51
         Tailslap          ||     4
 Armour: Scale mail        ||    28
  Dodge: Dodged            ||    21
  Block: Buckler           ||    12
